 Dungeon Crawl Stone Soup version 0.29-a0-284-gf9362112df (webtiles) character file.

Game seed: 8714221367804776264

114 being54 the Chopper (level 4, -1/41 HPs)
             Began as a Hill Orc Monk on Mar 23, 2022.
             Slain by Crazy Yiuf
             ... wielding a +3 quarterstaff of chaos
              (6 damage)
             ... on level 2 of the Dungeon.
             The game lasted 00:03:37 (2876 turns).

being54 the Chopper (Hill Orc Monk)                 Turns: 2876, Time: 00:03:37

Health: -1/41      AC: 11    Str: 15    XL:     4   Next: 97%
Magic:  4/4        EV:  4    Int: 10    God:
Gold:   152        SH:  0    Dex: 13    Spells: 3/3 levels left

rFire   . . .      SeeInvis .   a - +1 hand axe
rCold   . . .      Faith    .   (no shield)
rNeg    . . .      Spirit   .   h - +0 plate armour
rPois   .          Reflect  .   l - +0 helmet
rElec   .          Harm     .   (no cloak)
rCorr   .          Rampage  .   (no gloves)
Will    .....                   (no boots)
Stlth   ..........              (no amulet)
HPRegen 0.13/turn               (no ring)
MPRegen 0.09/turn               (no ring)

@: no status effects
A: no striking features
a: no special abilities


You were on level 2 of the Dungeon.
You visited 1 branch of the dungeon, and saw 2 of its levels.

You collected 152 gold pieces.

Inventory:

Hand Weapons
 a - a +1 hand axe (weapon)
Armour
 h - a +0 plate armour (worn)
 l - a +0 helmet (worn)
Jewellery
 b - an amulet of guardian spirit
Wands
 i - a wand of digging (7)
Scrolls
 e - 3 scrolls of identify
 g - 2 scrolls of holy word
 j - 2 scrolls of teleportation
Potions
 c - 2 potions of ambrosia
 d - 2 potions of resistance
 k - a potion of curing


   Skills:
 + Level 4.8 Fighting
 * Level 6.3 Axes
 - Level 2.4 Dodging
 - Level 1.5 Stealth


You had 3 spell levels left.
You didn't know any spells.
Your spell library was empty.

Dungeon Overview and Level Annotations

Branches:
Dungeon (2/15)

Altars:

Annotations:
D:2 Crazy Yiuf


Message History

As you read the scroll of identify, it crumbles to dust.
k - a potion of curing
As you read the scroll labelled KYEBIA NABO, it crumbles to dust.
The scroll dissolves into smoke.
It was a scroll of fog.
As you read the scroll labelled YRUALIHIHERE, it crumbles to dust.
You feel strangely unstable.
It was a scroll of teleportation.
As you read the scroll labelled EMAISU YNI BEM, it crumbles to dust.
It is a scroll of enchant weapon.
Your +0 hand axe glows red for a moment.
Crazy Yiuf says, "Orb mobile hog!"
As you read the scroll labelled OTHRYE ADATH, it crumbles to dust.
The air around you briefly surges with heat, but it dissipates.
It was a scroll of immolation.
You open the door.
Your surroundings suddenly seem different.
You see here a +0 whip.
You see here 15 stones.
There is an open door here.
Things that are here:
a +0 flail; a +0 chain mail Crazy Yiuf shouts!
There is an open door here.
Crazy Yiuf hits you with a +3 quarterstaff of chaos!
You hit Crazy Yiuf.
Crazy Yiuf is lightly wounded.
Crazy Yiuf hits you with a +3 quarterstaff of chaos!
Crazy Yiuf freezes you.
You are too injured to fight recklessly!
You are too injured to fight recklessly!
You are too injured to fight recklessly!
You closely miss Crazy Yiuf.
Crazy Yiuf is lightly wounded.
Crazy Yiuf hits you with a +3 quarterstaff of chaos!
* * * LOW HITPOINT WARNING * * *
Crazy Yiuf freezes you.
* * * LOW HITPOINT WARNING * * *
You hit Crazy Yiuf.
Crazy Yiuf is moderately wounded.
Crazy Yiuf hits you with a +3 quarterstaff of chaos.
You die...

###############....# #.........
#.#### #......... #.##
#......... ### ♣♣##..#####
#######'#. #)..#♣♣ ♣♣..#......#
#.#. #..g'§♣♣♣♣..........# #.##
#...#♣§§♣...........#########.##
### ♣♣♣.♣...#g.....'.........##
♣♣♣♣♣##.@....############
#......# ## ###### ####'### #.
#.##.# #.# #. #.##.# #.# ##.
#.##.# #)## #.. #.##'###### #..#
##.# #.........# ##.# ###..#
######.........####.# ####...##


You could see Crazy Yiuf.

Vanquished Creatures
  Jessica (D:2)
  Terence (D:2)
  A gnoll (D:1)
  An adder (D:2)
  2 dart slugs (D:1)
  5 ball pythons
  4 bats (D:1)
  An endoplasm (D:2)
  2 goblins
  A hobgoblin (D:1)
  7 jackals
  5 quokkas
  2 frilled lizards
  4 kobolds (D:1)
  2 rats
39 creatures vanquished.

Notes
Turn   | Place    | Note
-------+----------+-------------------------------------------
     0 | D:1      | being54 the Hill Orc Monk began the quest for the Orb.
     0 | D:1      | Reached XP level 1. HP: 19/19 MP: 1/1
   339 | D:1      | Reached XP level 2. HP: 25/27 MP: 2/2
   415 | D:1      | Found a faded altar of an unknown god.
   629 | D:1      | Reached skill level 5 in Axes
   669 | D:1      | Reached XP level 3. HP: 33/33 MP: 3/3
  1501 | D:2      | Noticed Terence
  1519 | D:2      | Killed Terence
  1520 | D:2      | Reached XP level 4. HP: 24/41 MP: 4/4
  1857 | D:2      | Noticed Jessica
  1864 | D:2      | Killed Jessica
  1865 | D:2      | Reached skill level 6 in Axes
  2395 | D:2      | Found a runed translucent door.
  2396 | D:2      | Noticed Crazy Yiuf
  2876 | D:2      | Slain by Crazy Yiuf

Illustrated notes

Levels and vault maps discovered:
D:1:      saegor_arrival_miasma, layout_basic,
          hellmonk_ecumenical_altar_lost_god,
          amcnicky_mini_rare_corridor_liquid, hex_large
D:2:      minmay_general_purpose_star, layout_basic, uniq_crazy_yiuf_cottage,
          uniq_jessica, uniq_terence

Skill      XL: |  1  2  3  4 |
---------------+-------------+-----
Fighting       | 4 |  4.8
Axes           | 5 6 |  6.3
Dodging        | |  2.4
Stealth        | |  1.5

Action                   |  1- 3 |  4- 6 || total
-------------------------+-------+-------++-------
Melee: Hand axe          |   104 |    43 ||   147
       Punch             |     1 |     1 ||     2
  Use: Scroll            |     2 |     5 ||     7
Armor: Robe              |    25 |       ||    25
       Plate armour      |     8 |    30 ||    38
Dodge: Dodged            |    58 |     9 ||    67

Table legend: (Time is in decaauts)
 A = Elapsed time spent in this place.
 B = Non-inter-level travel time spent in this place.
 C = Inter-level travel time spent in this place.
 D = Time resting spent in this place.
 E = Time spent auto-exploring this place.
 F = Levels seen in this place.
 G = Mean time per level.
                   A        B        C        D        E       F      G
               +--------+--------+--------+--------+--------+-----+--------+
         Total |   2881 |   2862 |     19 |    293 |   2196 |   2 | 1440.5 |
       Dungeon |   2881 |   2862 |     19 |    293 |   2196 |   2 | 1440.5 |
               +--------+--------+--------+--------+--------+-----+--------+

Top non-repeatable levels by time:
     D:1: 1476 daAuts
     D:2: 1404 daAuts
